Cogmind - Beta 13 @@@ ROGUE MODE // 2024.07.24 @ 10:13:36 Player: Wonda Result: Destroyed by S-10 Pest with Light Assault Rifle Performance ------------- Evolutions (0) 0 Regions Visited (2) 400 Robots Destroyed (14) 70 Value Destroyed (282) 282 Prototype IDs (2) 40 Alien Tech Used (0) 0 Bonus (0) 0 TOTAL SCORE: 792 Bonus ------- None Cogmind --------- Core Integrity 0/250 Matter 300/300 Energy 250/250 System Corruption 0% Temperature Cool (0) Movement Core (450) Ox8 Location -10/Mines Parts ------- > --- POWER (1) -------- Ion Engine > --- PROPULSION (2) --- (None) > --- UTILITY (2) ------ Large Storage Unit Targeting Computer > --- WEAPON (2) ------- (None) > --- INVENTORY (15) --- Aluminum Leg Aluminum Leg Hover Unit Hover Unit Hover Unit Targeting Computer Targeting Computer Targeting Computer ECM Suite Peak State ------------ > --- POWER ------------ Ion Engine > --- PROPULSION ------- Light Treads Light Treads > --- UTILITY ---------- Small Storage Unit Large Storage Unit > --- WEAPON ----------- Medium Laser Medium Laser > --- INVENTORY -------- Ion Engine Aluminum Leg Aluminum Leg Hover Unit [Rating: 7] Favorites ----------- Power Ion Engine Engine Ion Engine Propulsion Light Treads Treads Light Treads Utility Large Storage Unit Storage Large Storage Unit Processor Visual Processing Unit Protection Light Armor Plating Weapon Light Assault Rifle Energy Gun Medium Laser Ballistic Gun Light Assault Rifle Build | -11 -10 -10 ------- Run | Yrd Mat Min Slots Evolved . | . . . Power . | . . . Propulsion . | . . . Utility . | . . . Weapon . | . . . Parts Attached 12 | 6 5 1 Power 2 | 1 1 . Engine 2 | 1 1 . Core . | . . . Reactor . | . . . Propulsion 2 | 2 . . Treads 2 | 2 . . Leg . | . . . Wheel . | . . . Hover . | . . . Flight . | . . . Utility 5 | 1 3 1 Device . | . . . Storage 2 | 1 1 . Processor 2 | . 1 1 Hackware . | . . . Protection 1 | . 1 . Artifact . | . . . Weapon 3 | 2 1 . Energy Gun 2 | 2 . . Energy Cannon . | . . . Ballistic Gun 1 | . 1 . Ballistic Cannon . | . . . Launcher . | . . . Special Weapon . | . . . Impact Weapon . | . . . Slashing Weapon . | . . . Piercing Weapon . | . . . Special Melee Weapon . | . . . Unidentified Prototypes . | . . . Parts Lost 6 | . 5 1 Power . | . . . Propulsion 2 | . 1 1 Utility 1 | . 1 . Weapon 3 | . 3 . Highest Loss Streak 2 | . 2 1 To Critical Strikes . | . . . Average Slot Usage (%) 75 | . 77 57 Engine 14 | . 14 14 Treads 19 | . 20 14 Storage 14 | . 14 14 Processor 9 | . 9 14 Protection 1 | . 1 . Energy Gun 6 | . 7 . Ballistic Gun 8 | . 9 . Naked Turns . | . . . Heaviest Build 32 | 14 32 25 Greatest Support 40 | 40 40 20 Greatest Overweight (x) 1 | . 1 1 Average Overweight (x) . | . . 1 Largest Inventory Capacity 15 | 8 15 15 Average Capacity 13 | 7 14 15 Most Carried 10 | 3 10 10 Average Carried 5 | 1 5 9 Final Capacity 15 | 8 15 15 Final Carried 10 | 3 10 9 Class Distribution -------------------- 100% | Mutant Dominant Class ---------------- Mutant | -10/Materials Mutant | -10/Mines Resources | -11 -10 -10 ----------- Run | Yrd Mat Min Matter Collected 324 | 260 64 . Remotely . | . . . Salvage Created 273 | . 273 . Parts 22 | . 22 . Haulers Intercepted . | . . . Recyclers Shooed . | . . . Parts Field Recycled . | . . . Retrieved Matter . | . . . Parts Self-Destructed . | . . . Prevented . | . . . Kills | -11 -10 -10 ------- Run | Yrd Mat Min Combat Hostiles Destroyed 10 | . 10 . Melee 1 | . 1 . Guns 9 | . 9 . Classes Destroyed 5 | . 5 . Worker 1 | . 1 . Operator 2 | . 2 . Watcher 1 | . 1 . Swarmer 5 | . 5 . Grunt 5 | . 5 . Best Kill Streak 3 | . 3 . Combat Bots Only 3 | . 3 . Max Kills in Single Turn 1 | . 1 . Gunslinging . | . . . Exploded . | . . . Melee 1 | . 1 . Uniques/NPCs Destroyed . | . . . Combat | -11 -10 -10 -------- Run | Yrd Mat Min Hostile Shots Fired 134 | . 124 10 Missed 33 | . 32 1 Damage Taken 985 | . 916 69 Core 251 | . 233 18 Absorbed by Shields . | . . . Core Remaining (%) 100 | 100 . . Volleys Fired 48 | . 48 . Largest 2 | . 2 . Hottest 100 | . 100 . Shots Fired 71 | . 71 . Gun 71 | . 71 . Cannon . | . . . Launcher . | . . . Special . | . . . Kinetic 23 | . 23 . Thermal 48 | . 48 . Explosive . | . . . Electromagnetic . | . . . Robot Hit Streak 6 | . 6 . Robot Miss Streak 7 | . 7 . Penetration Max . | . . . Secondary Targets 2 | . 2 . Max Gunslinging Chain 1 | . 1 . Shots Hit Robots 34 | . 34 . Core Hits 33 | . 32 1 Critical Kills . | . . . Critical Parts Destroyed . | . . . Critical Strikes 2 | . 2 . Burn 2 | . 2 . Melee Attacks . | . . . Impact . | . . . Slashing . | . . . Piercing . | . . . Sneak Attacks . | . . . Combat Hostiles . | . . . Follow-up Attacks . | . . . Damage Inflicted 462 | . 458 4 Guns 386 | . 386 . Cannons . | . . . Explosions . | . . . Melee . | . . . Ramming 76 | . 72 4 Kinetic 101 | . 101 . Thermal 285 | . 285 . Explosive . | . . . Electromagnetic . | . . . Impact . | . . . Slashing . | . . . Piercing . | . . . Highest Corruption . | . . . Average Corruption . | . . . Corruption Purged . | . . . Corruption Blocked . | . . . Overload Shots . | . . . Overflow Damage . | . . . Projectiles . | . . . Explosions . | . . . Melee . | . . . Knockbacks . | . . . Impact . | . . . Kinetic . | . . . Secondary . | . . . Self-Inflicted Damage . | . . . Shots . | . . . Rammed 24 | . 21 3 Targets Rammed 26 | . 23 3 Kicked . | . . . Crushed 2 | . 2 . Highest Temperature 336 | . 336 . Average Temperature 137 | . 137 . Received Heat Transfer 252 | . 252 . Effects 3 | . 3 . Interference 3 | . 3 . Siege Activations . | . . . Robots Corrupted . | . . . Combat Hostiles . | . . . Parts Fried . | . . . Impact Corruptions . | . . . Robots Melted . | . . . Combat Hostiles . | . . . Parts Melted 2 | . 2 . Heat Transferred 999 | . 999 . Parts Sabotaged . | . . . Parts Stolen . | . . . Parts Stripped . | . . . Power Chain Reactions . | . . . Alert | -11 -10 -10 ------- Run | Yrd Mat Min Peak Influence 197 | . 197 19 Initial 19 | . . 19 Average 46 | . 53 18 Maximum Alert Level . | . . . Low Security (%) 100 | 100 100 100 Level 1 . | . . . Level 2 . | . . . Level 3 . | . . . Level 4 . | . . . Level 5 . | . . . High Security . | . . . Max Security . | . . . Squads Dispatched 3 | . 3 . Investigation . | . . . Extermination . | . . . Reinforcement 3 | . 3 . Assault . | . . . Garrison . | . . . Intercept . | . . . Searches Triggered . | . . . Construction Impeded . | . . . Haulers Reinforced . | . . . Active Scanning Responses . | . . . Cargo Convoy Interrupts . | . . . Stealth | -11 -10 -10 --------- Run | Yrd Mat Min Distress Signals 2 | . 2 . Communications Jammed . | . . . Distress Signals . | . . . Times Spotted 28 | . 25 3 Peak Tracking Total 6 | . 6 3 Tactical Retreats 3 | . 3 . Traps | -11 -10 -10 ------- Run | Yrd Mat Min Traps Triggered . | . . . Indirectly . | . . . Trap Hack Attempts . | . . . Triggered . | . . . Disarmed . | . . . Reprogrammed . | . . . Reused . | . . . Traps Extracted . | . . . Installed . | . . . Triggered . | . . . Machines | -11 -10 -10 ---------- Run | Yrd Mat Min Machines Disabled . | . . . Max in Single Turn . | . . . Machines Repaired . | . . . Machines Dismantled . | . . . Machines Sabotaged . | . . . Overloaded Fab Kills . | . . . Hacking | -11 -10 -10 --------- Run | Yrd Mat Min Machines Accessed 6 | . 6 . Terminals 5 | . 5 . Fabricators . | . . . Repair Stations . | . . . Recycling Units 1 | . 1 . Scanalyzers . | . . . Garrison Access . | . . . Total Hacks 13 | . 13 . Successful 6 | . 6 . Failed 7 | . 7 . Catastrophic 2 | . 2 . Database Lockouts . | . . . Manual 9 | . 9 . Terminals 12 | . 12 . Fabricators . | . . . Repair Stations . | . . . Recycling Units 1 | . 1 . Scanalyzers . | . . . Garrison Access . | . . . Terminal Hacks 5 | . 5 . Prototype ID Bank 1 | . 1 . Alert Level 2 | . 2 . Hauler Manifests 1 | . 1 . Zone Layout 1 | . 1 . Fabricator Hacks . | . . . Repair Station Hacks . | . . . Recycling Unit Hacks 1 | . 1 . Report Inventory 1 | . 1 . Scanalyzer . | . . . Garrison Access Hacks . | . . . Unauthorized Hacks . | . . . Terminals . | . . . Fabricators . | . . . Repair Stations . | . . . Recycling Units . | . . . Scanalyzers . | . . . Garrison Access . | . . . Data Cores Recovered . | . . . Used . | . . . Hacking Detections 4 | . 4 . Full Trace Events 1 | . 1 . Feedback Events . | . . . Feedback Blocked . | . . . Robot Schematics Acquired . | . . . Robots Built . | . . . Authchips . | . . . Time . | . . . Total Robot Build Rating . | . . . Part Schematics Acquired . | . . . Parts Built . | . . . Authchips . | . . . Time . | . . . Total Part Build Rating . | . . . Parts Repaired . | . . . Time . | . . . Parts Recycled . | . . . Recycled Matter . | . . . Retrieved Matter . | . . . Retrieved Components . | . . . Parts Scanalyzed . | . . . Part Schematics Acquired . | . . . Parts Damaged . | . . . Bothacking | -11 -10 -10 ------------ Run | Yrd Mat Min Used RIF Installer . | . . . Robots Hacked . | . . . Non-combat . | . . . Combat . | . . . Robot Hacks Applied . | . . . Relay Couplers Released . | . . . Fabnet Peak Effective % . | . . . Robots Rewired . | . . . Allies Hacked . | . . . Hacks Repelled . | . . . Allies | -11 -10 -10 -------- Run | Yrd Mat Min Total Allies . | . . . Largest Group . | . . . Highest-Rated Group . | . . . Highest-Rated Ally . | . . . Total Orders . | . . . Ally Attacks . | . . . Total Damage . | . . . Kills . | . . . Allies Corrupted . | . . . Allies Melted . | . . . Intel | -11 -10 -10 ------- Run | Yrd Mat Min Robot Analysis Total . | . . . Derelict Logs Recovered . | . . . Drone Launches . | . . . Drone Recoveries . | . . . Exploration | -11 -10 -10 ------------- Run | Yrd Mat Min Turns Passed 1820 | 122 1523 175 Spaces Moved 767 | 71 626 70 Core 3 | 3 . . Treads 764 | 68 626 70 Legs . | . . . Wheels . | . . . Hover . | . . . Flight . | . . . Fastest Speed 50 | 50 160 240 Average Speed 201 | 155 202 240 Slowest Speed 240 | 160 240 240 Overloaded Moves . | . . . Propulsion Burnouts . | . . . Robots Hopped . | . . . Cave-ins Triggered . | . . . Exploration Rate (%) 35 | 5 76 24 Regions Visited 2 Branch Regions 1 Pre-discovered Areas . | . . . Known Exits Taken . | . . . Unknown Exits Taken 2 | 1 1 . Scrap Searched . | . . . Spaces Dug . | . . . Terrain Destroyed . | . . . Melee . | . . . Projectile . | . . . AOE . | . . . Terrain Rammed . | . . . Walls Destroyed . | . . . Machines Disabled . | . . . Actions | -11 -10 -10 --------- Run | Yrd Mat Min Total 953 | 80 798 75 Wait 87 | 1 86 . Move 765 | 70 625 70 Hop . | . . . Pick Up 11 | 3 8 . Fast Attach 10 | 6 4 . Attach 1 | . . 1 Detach 2 | . 1 1 Swap 1 | . 1 . Drop 2 | . 2 . Fire 48 | . 48 . Melee . | . . . Ram 1 | . . 1 Kick . | . . . Crush 25 | . 23 2 Escape Stasis . | . . . Rewire . | . . . Trap . | . . . Miscellaneous . | . . . Route ------- -11/Scrapyard -10/Materials (discovered 4 exits: [*Mat x3] / [*Min]) -10/Mines History --------- Turn | Location | Event 6 | -11/Scrapyard | Discovered new exit (range 14) 123 | -11/Scrapyard | Entered Materials 254 | -10/Materials | Discovered new exit (range 9) 336 | -10/Materials | Build established: Mutant 540 | -10/Materials | Core integrity fell below 50% 669 | -10/Materials | Discovered new exit (range 13) 1196 | -10/Materials | Discovered new exit (range 9) 1608 | -10/Materials | Discovered new exit (range 8) 1624 | -10/Materials | Core integrity fell below 20% 1646 | -10/Materials | Entered Mines 1821 | -10/Mines | Destroyed by S-10 Pest with Light Assault Rifle Last Messages --------------- U-05 Engineer lays Concrete. EXIT=FOUND K-01 Serf cleans the Terminal. Connecting with Terminal... K-01 Serf cleans the Terminal. O-16 Technician: "IFF HANDSHAKE FAILED. SECURING TERMINAL." ALERT: Hostiles spotted, dispatching reinforcements to Terminal M003. Acquired Targeting Computer. EXIT=FOUND W-16 Scout sends out distress signal. Lgt. Assault Rifle destroyed. LOCATION=UNKNOWN GOAL=ESCAPE Something is scanning the area. Discarded Visual Processing Unit. Slammed into S-10 Pest. Lgt. Treads destroyed. Slammed into S-10 Pest. Map ----- +----------------------------------------------------+ | ??## #????????????????????? | | ??# """" ##????????????????????? | | ??# """" #?????????????????????? | | ??# """" ##????????????????????? | | ??## #????????????????????? | | ???#### #????????????????????? | | ??????## ##????????????????????? | | ??????## ##????????????????????? | | ?????## ###??????????????????? | | ????## ##?????????????????? | | ????# #######???????????? | | ????# #??????????? | | ????# ####### ????????? | | ????# #####??????????????????? | | ????## #??????????????????????? | | ?????### #??????????????????????? | | ???????# ##?????????????????????? | | ???????# #?????????????????????? | | ???????## #?????????????????????? | | ????????# #?????????????????????? | | ????????# #?????????????????????? | | ????????# #?????????????????????? | | ????????# #?????????????????????? | | ????????# #?????????????????????? | | ????##### s#?????????????????????? | | ????# s@s#?????????????????????? | | ????# """##?????????????????????? | | ????# """#??????????????????????? | | ????# """#??????????????????????? | | ????# #??????????????????????? | | ????# #??????????????????????? | | ????######???????????????????????? | | ?????????????????????????????????? | | ?????????????????????????????????? | | ?????????????????????????????????? | | | | | | | | | | | | | | | | | | | | | | | | | | | | | | | +----------------------------------------------------+ Best States ------------- Heat Dissipation 25 Energy Generation 10 Energy Capacity 250 Matter Stores 300 Matter Capacity 300 Sight Range 18 Terrain Scan Density 10 Armor Coverage 150 Evasion (%) 40 Targeting Accuracy 5 Recoil Reduction 2 Item Schematics ----------------- None Robot Schematics ------------------ None Fabricated ------------ Nothing Alien Tech Used ----------------- None Achievements -------------- None Challenges ------------ None Game ------ Seed ShadeCoreWheel Manual? 0 Play Time 00:16:24 Cumulative 6.0 hours Start 2024.07.24 @ 09:54:41 End 2024.07.24 @ 10:13:36 Sessions 1 Manual Loads 0 Difficulty Rogue Special Mode None Game No. 9 Rogue 9 Adventurer 0 Explorer 0 Win Type - Total 0 Types 0/0/0/0/0/0/0/0/0 Lore% 11 Gallery% 10 Achievement% 10 Wizard Run 0 Options --------- Layout 1 ASCII 0 Keyboard 1 Movement Numpad Keybinds 0 Fullscreen 1 Font 16/SmallcapsGlow Map View 50x35 Zoom Use 0% Tactical HUD 0 Map Filters NONE Filters NONE Steam SD RUN: 421c9759-8ac4-4521-815e-2acbe9344277